 Dungeon Crawl Stone Soup version 0.31.0-9-g3a7656b989 (webtiles) character file.

Game seed: 244909923187311245

179 GordonOverkill the Sneak (level 5, 0/33 (42) HPs)
             Began as a Formicid Delver on Jan 25, 2024.
             Slain by a gnoll
             ... wielding a +0 club
              (5 damage)
             ... on level 2 of the Dungeon.
             The game lasted 00:03:54 (2248 turns).

GordonOverkill the Sneak (Formicid Delver)          Turns: 2248, Time: 00:03:55

HP:   0/33 (42)     AC:  7    Str: 19    XL:     5   Next: 90%
MP:   5/5           EV: 12    Int:  9    God:
Gold: 148           SH:  0    Dex: 15    Spells: 4/4 levels left

rFire   . . .        a - +0 mace
rCold   . . .        (no shield)
rNeg    . . .        h - +3 leather armour of the Kappa {rCorr}
rPois   .            (helmet unavailable)
rElec   .            l - +0 cloak
rCorr   +            (no gloves)
SInv    +            (no boots)
Will    .....        (no amulet)
Stlth   +++          (no ring)
HPRegen 0.25/turn    (no ring)
MPRegen 0.09/turn

%: no passive effects
@: heavily drained, invisible
A: permanent stasis, dig shafts and tunnels, antennae 3, four strong arms
a: Dig, Shaft Self


You were on level 2 of the Dungeon.
You visited 1 branch of the dungeon, and saw 6 of its levels.
You also visited: Sewer.

You collected 148 gold pieces.

Inventory:

Hand Weapons
 a - a +0 mace (weapon)
Armour
 g - a +0 plate armour
 h - the +3 leather armour of the Kappa (worn) {rCorr}
   (You found it on level 4 of the Dungeon)

   rCorr:     It protects you from acid and corrosion.
 l - a +0 cloak (worn)
Wands
 f - a wand of digging (3)
 i - a wand of roots (13)
Scrolls
 c - a scroll of fog
Potions
 b - a potion of might {unknown}
 d - a potion of haste {unknown}
 e - a potion of invisibility
 j - a potion of lignification


   Skills:
 - Level 4.0 Fighting
 + Level 4.8 Maces & Flails
 - Level 2.0 Armour
 - Level 1.7 Dodging
 - Level 6.0 Stealth


You had 4 spell levels left.
You didn't know any spells.
Your spell library contained the following spells:

 Spells                   Type           Power      Damage    Failure   Level
 Ensorcelled Hibernation  Hex/Ice        0%         N/A       58%         2
 Fugue of the Fallen      Necr           0%         N/A       82%         3
 Anguish                  Hex/Necr       0%         N/A       99%         4


Dungeon Overview and Level Annotations

Branches:
Dungeon (6/15)              Sewer (visited)
 Temple: D:4-7

Altars:
Gozag


Innate Abilities, Weirdness & Mutations

You cannot be hasted, slowed, berserked, paralysed or teleported.
You can dig through walls and to a lower floor.
You have a pair of large antennae on your head. (SInv)
Your four strong arms can wield two-handed weapons with a shield.


Message History

You dig through the rock wall.
You feel drained. The gnoll hits you but does no damage.
You dig through the rock wall.
You feel drained.
You start resting.
A gnoll is nearby!
You retract your mandibles.
You closely miss the gnoll. The gnoll misses you.
You hit the gnoll but do no damage. The gnoll hits you with a +0 spear.
The gnoll hits you but does no damage.
You hit the gnoll.
The gnoll is lightly wounded.
The gnoll hits you with a +0 spear.
You hit the gnoll but do no damage.
The gnoll is lightly wounded.
The gnoll hits you with a +0 spear.
You hit the gnoll.
The gnoll is moderately wounded.
The gnoll hits you with a +0 spear!
* * * LOW HITPOINT WARNING * * *
You hit the gnoll but do no damage.
The gnoll is moderately wounded.
The gnoll hits you with a +0 spear.
* * * LOW HITPOINT WARNING * * *
You closely miss the gnoll.
The gnoll is moderately wounded.
The gnoll barely misses you.
You hit the gnoll.
The gnoll is severely wounded.
The gnoll hits you with a +0 spear.
* * * LOW HITPOINT WARNING * * *
The gnoll hits you with a +0 spear!
* * * LOW HITPOINT WARNING * * *
You hit the gnoll.
You kill the gnoll!
You sock the gnoll!
The gnoll is severely wounded.
The gnoll barely misses you.
It was a potion of invisibility.
You fade into invisibility!
The gnoll hits you with a +0 club.
You die...

##..#.........##
#..#..........###
###..#........#g..#
##.........?...#.#.#
.....#.........#.#
..
##..##.........#g#
...
#..###..########{#
#.. ..## ##.# #g## .
.# #.# ##@# .# #[.
### # ##.. # #. .# .
.


You could see a gnoll (unable to see you).

Vanquished Creatures
  A hound (D:4)
  Natasha (thrice) (D:1)
  A gnoll (D:2)
  2 river rats (D:5)
  An adder (D:2)
  2 ribbon worms (D:5)
  2 bats
  2 endoplasms (D:1)
  A giant cockroach (D:2)
  5 goblins
  3 hobgoblins
  A jackal (D:1)
  3 kobolds (D:1)
  6 ball pythons
  4 frilled lizards
  A rat (D:3)
38 creatures vanquished.

Notes
Turn   | Place    | Note
-------+----------+-------------------------------------------
     0 | D:5      | GordonOverkill the Formicid Delver began the quest for the
                  | Orb.
     0 | D:5      | Reached XP level 1. HP: 18/18 MP: 1/1
     6 | D:6      | Noticed an iguana
    43 | D:6      | Noticed a jelly
    46 | D:6      | Noticed an ogre
    80 | D:5      | Noticed a scorpion
   157 | D:5      | Reached XP level 2. HP: 23/25 MP: 2/2
   201 | D:5      | Reached XP level 3. HP: 15/30 MP: 3/3
   285 | D:5      | Found a glowing drain.
   290 | Sewer    | Entered a sewer
   290 | Sewer    | Noticed a brain worm
   361 | D:5      | Found an opulent altar of Gozag.
   386 | D:4      | Identified the +3 leather armour of the Kappa {rCorr}
   484 | D:4      | Reached XP level 4. HP: 36/37 MP: 4/4
  1167 | D:2      | Noticed Natasha
  1185 | D:1      | Killed Natasha
  1186 | D:1      | Reached skill level 1 in Armour
  1186 | D:1      | Reached XP level 5. HP: 35/41 MP: 5/5
  1225 | D:1      | Noticed Natasha
  1242 | D:1      | Killed Natasha
  1353 | D:1      | Noticed Natasha
  1369 | D:1      | Killed Natasha
  2248 | D:2      | Slain by a gnoll

Illustrated notes

Levels and vault maps discovered:
D:1:      dpeg_arrival_brainrot, layout_rooms
D:2:      layout_rooms, uniq_natasha
D:3:      layout_basic, uniq_terence, uniq_robin, uniq_jessica
D:4:      layout_basic, mainiacjoe_overflow_divided_tiny,
          mainiacjoe_overflow_paths
D:5:      layout_basic, cheibrodos_worm_habitat, kennysheep_little_box,
          mainiacjoe_sewer_entry_somewhere_in_here_2, minmay_starry_boxes,
          uniq_pikel, uniq_ijyb
D:6:      layout_rooms, minmay_chambers_of_fives, uniq_blork_the_orc

Skill      XL: |  1  2  3  4  5 |
---------------+----------------+-----
Fighting       | 4 |  4.0
Maces & Flails | 3 4 |  4.8
Armour         | 1 2 |  2.0
Dodging        | |  1.7
Stealth        | |  6.0

Action                     |  1- 3 |  4- 6 || total
---------------------------+-------+-------++-------
  Melee: Mace              |    55 |   119 ||   174
         Punch             |       |     1 ||     1
Ability: Dig               |       |     7 ||     7
    Use: Scroll            |     2 |     2 ||     4
         Potion            |       |     1 ||     1
   Stab: Sleeping          |       |     8 ||     8
         Distracted        |       |     1 ||     1
 Armour: Leather armour    |    10 |    98 ||   108
         Plate armour      |    43 |       ||    43
  Dodge: Dodged            |    14 |    90 ||   104
